 Dungeon Crawl Stone Soup version 0.30-a0-540-g0af01429fa (webtiles) character file.

Game seed: 5956226441937911030

6860 jlumianski the Cleaver (level 10, -9/82 HPs)
             Began as a Demonspawn Fighter on Dec 26, 2022.
             Was a Believer of Qazlal.
             Mangled by a bone dragon (29 damage)
             ... on level 2 of the Abyss.
             The game lasted 00:34:21 (8101 turns).

jlumianski the Cleaver (Demonspawn Fighter)         Turns: 8101, Time: 00:34:22

Health: -9/82      AC: 23    Str: 27    XL:     10   Next: 78%
Magic:  15/16      EV:  8    Int:  9    God:    Qazlal [**....]
Gold:   376        SH: 13    Dex: 13    Spells: 9/9 levels left

rFire   . . .      SeeInvis +    K - +2 war axe (flame)
rCold   . . .      Faith    .    c - +0 buckler
rNeg    . . .      Spirit   .    L - +0 plate armour
rPois   .          Reflect  +    (helmet unavailable)
rElec   .          Harm     .    n - +2 cloak
rCorr   .          Rampage  .    s - +1 pair of gloves
Will    .....                    (no boots) Stlth
                                 p - amulet of reflection
HPRegen 0.33/turn                J - +4 ring of protection
MPRegen 0.15/turn                t - +6 ring of strength

@: about to teleport, studying Ice Magic
A: antennae 3, rugged brown scales 1, demonic guardian 1
a: Renounce Religion, Upheaval


You were on level 2 of the Abyss.
You worshipped Qazlal.
Qazlal was pleased with you.
You visited 2 branches of the dungeon, and saw 10 of its levels.
You visited the Abyss 1 time.
You also visited: Sewer.

You collected 460 gold pieces.
You spent 84 gold pieces at shops.

Inventory:

Hand Weapons
 a - the +8 flail of Intuition {vorpal, rC+ Dex+3}
   (You found it on level 8 of the Dungeon)

   It inflicts extra damage upon your enemies.
   Dex:       It affects your dexterity (+3).
   rC:        It protects you from cold.
 K - a +2 war axe of flaming (weapon)
Missiles
 e - 56 stones
 E - a throwing net
 M - 2 boomerangs (quivered)
Armour
 c - a +0 buckler (worn)
 i - the +4 skin of Zhor {*Englaciate rC+++ SInv}
   (You found it on level 8 of the Dungeon)

   It radiates cold, occasionally slowing all nearby creatures who are not
   resistant to cold.
   rC:        It renders you almost immune to cold.
   SInv:      It lets you see invisible.
 n - a +2 cloak (worn)
 s - a +1 pair of gloves (worn)
 L - a +0 plate armour (worn)
Jewellery
 k - a ring of flight
 p - an amulet of reflection (around neck)
 t - a +6 ring of strength (right hand)
 y - a ring of resist corrosion
 J - a +4 ring of protection (left hand)
 P - a ring of fire
Wands
 b - a wand of paralysis (9)
 x - a wand of flame (17)
 A - a wand of polymorph (6)
Scrolls
 f - 4 scrolls of poison
 j - 4 scrolls of fear
 l - a scroll of silence
 q - 3 scrolls of blinking
 B - 2 scrolls of magic mapping
 D - a scroll of summoning
 Q - a scroll of enchant weapon
Potions
 d - a potion of resistance
 g - a potion of flight
 h - a potion of cancellation
 m - a potion of brilliance {unknown}
 r - a potion of attraction
 z - a potion of curing
 G - 2 potions of heal wounds
 N - a potion of might
 O - 2 potions of berserk rage
 R - a potion of lignification {unknown}
Miscellaneous
 o - a piece from Xom's chessboard (12/15)


   Skills:
 * Level 8.0 Fighting
 + Level 12.3 Axes
 + Level 0.2 Throwing
 + Level 6.5 Armour
 + Level 2.5 Dodging
 + Level 2.5 Stealth
 + Level 5.3 Shields
 * Level 8.1 Invocations
 + Level 1.1 Evocations


You had 9 spell levels left.
You didn't know any spells.
Your spell library contained the following spells:

 Spells                   Type           Power      Damage    Failure   Level
 Passage of Golubria      Tloc           0%         N/A       100%        4
 Silence                  Hex/Air        0%         N/A       100%        5
 Lehudib's Crystal Spear  Conj/Erth      0%         10d2      100%        8


Dungeon Overview and Level Annotations

Branches:
Dungeon (9/15)             Temple (1/1) D:4            Lair (0/5) D:8
  Sewer (visited)
    Orc: D:9-12

Altars:
Ashenzari
Cheibriados
Gozag
Hepliaklqana
Kikubaaqudgha
Nemelex Xobeh
Okawaru
Qazlal
Ru
Sif Muna
Trog
Uskayaw
Vehumet
Wu Jian
Xom
Yredelemnul

Shops:
D:2 *   D:6 [

Annotations:
D:9 Erolcha


Innate Abilities, Weirdness & Mutations

You have a pair of large antennae on your head. (SInv)
You are partially covered in rugged brown scales. (AC +1, +3% HP)
A weak demonic guardian rushes to your aid.


Message History

A bone dragon comes into view.
Aiming: Upheaval
Press: ? - help, Dir - move target, f - bone dragon
Aim: a bone dragon (wandering, hasn't noticed you) Magma suddenly erupts from the ground!
The blast of magma engulfs the bone dragon!
The bone dragon partially resists.
The bone dragon is lightly damaged.
Press: ? - help, v - describe, . - travel
Here: a bone dragon (lightly damaged)
The floor.
You make a move on Xom's chessboard...
The bone dragon is unaffected.
You make a move on Xom's chessboard...
The bone dragon seems to grow stronger.
Unknown command.
You make a move on Xom's chessboard...
The bone dragon seems to speed up.
Unknown command.
As you read the scroll of teleportation, it crumbles to dust.
You feel strangely unstable.
You feel the power of the Abyss delaying your translocation!
The bone dragon bites you!! You block the bone dragon's attack.
The bone dragon tramples you but does no damage.
A tentacled starspawn comes into view.
The bone dragon is engulfed in freezing vapours.
You block the bone dragon's attack. The bone dragon barely misses you.
You block the bone dragon's attack.
The bone dragon is engulfed in freezing vapours.
The bone dragon bites you!!
* * * LOW HITPOINT WARNING * * *
You block the bone dragon's attack. x2
The bone dragon barely misses you. The bone dragon claws you.
* * * LOW HITPOINT WARNING * * *
A demonic guardian appears!
The bone dragon completely misses you.
Your white imp gestures at the bone dragon.
The puff of frost hits the bone dragon.
The bone dragon resists.
You block the bone dragon's attack. x2
The bone dragon tramples you but does no damage.
Your white imp gestures at the bone dragon.
The puff of frost hits the bone dragon.
The bone dragon resists.
The bone dragon bites you!!
You die...

. . . . . ## ..# #.###
#### #...#... .
#......#.### ....... ##
... ....#.# ..... . ..#
..##.......#... ..
...##..#..##.#..#.....
#.#. ##...###...## ...#
#....#.○...#.....#.....
#...@D..5........ ..
#.......................
........................
##....>.....#.....#.....
#...###...###...###...#
#... #..... .....# ...
#.# .............. ...
.. ............... ... .
. .. ...


You could see a bone dragon (fast, strong, ally target) and a friendly white imp
(summoned).

Vanquished Creatures
  Gastronok (D:8)
  A thrashing horror (Abyss:2)
  Joseph (D:8)
  An elephant (D:8)
  An unseen horror (D:6)
  A rime drake (D:8)
  A harpy zombie (Abyss:2)
  Sigmund (D:2)
  A yak (D:8)
  A basilisk (D:7)
  2 steam dragons
  A warg (D:9)
  2 water moccasins
  An orc warrior (D:8)
  A sky beast (D:8)
  2 ice beasts
  2 black bears
  5 ogres
  2 centaurs
  A bullfrog (D:9)
  2 scorpions (D:6)
  2 small abominations (Abyss:2)
  9 wights
  3 howler monkeys (D:8)
  6 orc priests
  Jessica (D:2)
  Natasha (thrice) (D:2)
  6 orc wizards
  4 river rats (Sewer)
  13 adders
  8 gnolls
  A shadow imp (D:6)
  A white imp (D:6)
  4 worms
  2 dart slugs
  17 orcs
  2 endoplasms
  2 giant cockroaches
  7 goblins
  6 hobgoblins
  7 jackals
  6 kobolds
  8 quokkas
  14 ball pythons
  11 bats
  9 frilled lizards
  A rat (D:1)
184 creatures vanquished.

Vanquished Creatures (collateral kills)
  An orc (D:8)
  A butterfly (D:4)
2 creatures vanquished.

Vanquished Creatures (others)
  A goblin (D:9)
  12 plants
13 creatures vanquished.

Grand Total: 199 creatures vanquished

Notes
Turn   | Place    | Note
-------+----------+-------------------------------------------
     0 | D:1      | jlumianski the Demonspawn Fighter began the quest for the
                  | Orb.
     0 | D:1      | Reached XP level 1. HP: 18/18 MP: 1/1
   282 | D:1      | Gained mutation: You have a pair of small antennae on your
                  | head. [demonic ancestry]
   282 | D:1      | Reached XP level 2. HP: 23/24 MP: 2/2
   372 | D:1      | Reached skill level 2 in Axes
   590 | D:2      | Noticed Jessica
   599 | D:1      | HP: 1/24 [poisoned by an adder]
   602 | D:1      | Reached XP level 3. HP: 8/29 MP: 3/3
   830 | D:4      | Found a shimmering altar of Xom.
   971 | D:2      | Found Otwi's General Store.
   991 | D:2      | Bought 3 scrolls of identify for 84 gold pieces
   992 | D:2      | Identified a scroll of acquirement
   995 | D:2      | Acquired a manual of Axes
  1012 | D:2      | Noticed Sigmund
  1063 | D:2      | Killed Sigmund
  1064 | D:2      | Reached skill level 4 in Axes
  1064 | D:2      | Gained mutation: You are partially covered in rugged brown
                  | scales. (AC +1, +3% HP) [demonic ancestry]
  1064 | D:2      | Reached XP level 4. HP: 21/38 MP: 4/4
  1064 | D:2      | Gained mutation: You have a pair of antennae on your head.
                  | [demonic ancestry]
  1064 | D:2      | Reached XP level 5. HP: 24/43 MP: 5/5
  1181 | D:2      | Killed Jessica
  1182 | D:2      | Reached skill level 1 in Dodging
  1493 | D:2      | Noticed Natasha
  1503 | D:2      | Killed Natasha
  1504 | D:2      | Reached skill level 5 in Axes
  1504 | D:2      | Reached XP level 6. HP: 40/49 MP: 6/6
  1645 | D:2      | Noticed Natasha
  1649 | D:2      | Killed Natasha
  1698 | D:2      | Noticed Natasha
  1705 | D:2      | Killed Natasha
  2480 | D:5      | Entered Level 5 of the Dungeon
  3010 | D:4      | Reached skill level 6 in Axes
  3010 | D:4      | Reached XP level 7. HP: 19/56 MP: 7/7
  3194 | D:4      | Found a staircase to the Ecumenical Temple.
  3204 | Temple   | Entered the Ecumenical Temple
  3216 | Temple   | Became a worshipper of Qazlal Stormbringer
  3843 | D:4      | Reached skill level 7 in Axes
  3895 | D:6      | Found a glowing drain.
  3932 | Sewer    | Entered a sewer
  4059 | Sewer    | Reached * piety under Qazlal
  4441 | D:6      | Reached skill level 1 in Invocations
  4589 | D:5      | Reached skill level 5 in Fighting
  4692 | D:5      | Reached XP level 8. HP: 54/63 MP: 9/9
  5050 | D:6      | Found a basalt altar of Yredelemnul.
  5063 | D:6      | Reached skill level 8 in Axes
  5090 | D:6      | Killed an unseen horror
  5235 | D:6      | Found a shimmering blue altar of Sif Muna.
  5237 | D:6      | Found a bloodstained altar of Trog.
  5348 | D:6      | Found Nuh Seon's Armour Emporium.
  5358 | D:6      | Reached skill level 5 in Armour
  5377 | D:6      | Reached skill level 9 in Axes
  5605 | D:6      | Reached ** piety under Qazlal
  5706 | D:6      | Gained mutation: A weak demonic guardian rushes to your
                  | aid. [demonic ancestry]
  5706 | D:6      | Reached XP level 9. HP: 71/71 MP: 12/12
  6072 | D:7      | Reached skill level 5 in Invocations
  6356 | D:8      | Found a radiant altar of Vehumet.
  6661 | D:8      | Noticed Gastronok
  6730 | D:8      | Found the +4 skin of Zhor {*Englaciate rC+++ SInv}
  6903 | D:8      | Killed Gastronok
  6904 | D:8      | Reached skill level 10 in Axes
  7035 | D:8      | Found a snail-covered altar of Cheibriados.
  7058 | D:8      | Found a staircase to the Lair.
  7069 | D:8      | Gained mutation: You have a pair of large antennae on your
                  | head. (SInv) [demonic ancestry]
  7069 | D:8      | Reached XP level 10. HP: 81/81 MP: 13/15
  7101 | D:8      | Reached skill level 11 in Axes
  7101 | D:8      | Reached skill level 1 in Stealth
  7101 | D:8      | Reached skill level 1 in Evocations
  7209 | D:8      | Identified the +8 flail of Intuition {vorpal, rC+ Dex+3}
  7527 | D:8      | Noticed Joseph
  7539 | D:8      | Killed Joseph
  7540 | D:8      | Reached skill level 5 in Shields
  7725 | D:8      | Noticed an elephant
  7740 | D:8      | Killed an elephant
  7741 | D:8      | Reached skill level 12 in Axes
  7969 | D:9      | Noticed Erolcha
  7980 | Abyss:2  | Cast into level 2 of the Abyss (Erolcha)
  8003 | Abyss:2  | Noticed a thrashing horror
  8023 | Abyss:2  | Killed a thrashing horror
  8085 | Abyss:2  | Noticed a bone dragon
  8091 | Abyss:2  | Noticed a tentacled starspawn
  8101 | Abyss:2  | Mangled by a bone dragon

Illustrated notes

Levels and vault maps discovered:
D:1:      minmay_arrival_semitransparent, layout_loops_ring
D:2:      cheibrodos_old_hovel, layout_loops_ring, serial_shops, shop,
          uniq_jessica, uniq_natasha, uniq_sigmund
D:3:      layout_basic, zin_treasury, chequers_decorated_corner,
          item_on_display_a
D:4:      layout_gridville, xom_butterflies, lemuel_temple_firewalk_b
D:5:      nicolae_cairo_tiling, layout_basic
D:6:      layout_basic, mainiacjoe_overflow_boulevard,
          nicolae_overflow_hidden_temple, serial_shops, shop,
          portal_sewer_entry_f
D:7:      layout_basic
D:8:      layout_basic, grunt_temple_overflow_open, david_lair_generic,
          hellmonk_guarded_unrand_zhor, uniq_gastronok, uniq_joseph
D:9:      layout_loops_ring, erik_orc_4, uniq_erolcha
Temple:   hellmonk_temple_rainy
Abyss:2:  base: D:7, patterned_corridor

Skill      XL: |  1  2  3  4  5  6  7  8  9 10 |
---------------+-------------------------------+-----
Armour         | 3 4 5 6 |  6.5
Axes           | 2 4 5 6 7 9 10 12 | 12.3
Shields        | 3 4 5 |  5.3
Dodging        | 1 2 |  2.5
Fighting       | 4 5 7 8 |  8.0
Invocations    | 1 4 6 8 |  8.1
Stealth        | 2 |  2.5
Evocations     | 1 |  1.1
Throwing       | |  0.2

Action                   |  1- 3 |  4- 6 |  7- 9 | 10-12 || total
-------------------------+-------+-------+-------+-------++-------
Melee: War axe           |    98 |   131 |   229 |   100 ||   558
Throw: Stone             |     2 |       |       |       ||     2
       Boomerang         |       |       |       |     1 ||     1
Invok: Upheaval          |       |       |       |     2 ||     2
Evoke: Piece from Xom's  |       |     1 |     6 |     5 ||    12
  Use: Potion            |     2 |       |       |       ||     2
       Scroll            |     5 |    10 |     7 |     1 ||    23
 Stab: Petrified         |       |       |       |     8 ||     8
       Distracted        |       |       |       |     3 ||     3
Armor: Scale mail        |    53 |    61 |    87 |       ||   201
       Plate armour      |       |       |    25 |    52 ||    77
Dodge: Dodged            |    54 |    42 |   101 |    27 ||   224
Block: Buckler           |    24 |    79 |   118 |    61 ||   282
       Reflection        |       |     4 |     5 |     2 ||    11

Table legend: (Time is in decaauts)
 A = Elapsed time spent in this place.
 B = Non-inter-level travel time spent in this place.
 C = Inter-level travel time spent in this place.
 D = Time resting spent in this place.
 E = Time spent auto-exploring this place.
 F = Levels seen in this place.
 G = Mean time per level.
                   A        B        C        D        E       F      G
               +--------+--------+--------+--------+--------+-----+--------+
         Total |   8231 |   8062 |    169 |    201 |   4793 |  12 |  685.9 |
       Dungeon |   7593 |   7424 |    169 |    201 |   4646 |   9 |  843.7 |
        Temple |     26 |     26 |      0 |      0 |      0 |   1 |   26.0 |
         Abyss |    119 |    119 |      0 |      0 |     37 |   1 |  119.0 |
         Sewer |    491 |    491 |      0 |      0 |    110 |   1 |  491.0 |
               +--------+--------+--------+--------+--------+-----+--------+

Top non-repeatable levels by time:
     D:4: 1306 daAuts
     D:8: 1206 daAuts
     D:6: 1065 daAuts
     D:2: 929 daAuts
     D:3: 900 daAuts
     D:1: 770 daAuts
     D:7: 728 daAuts
     D:5: 551 daAuts
   Sewer: 491 daAuts
     D:9: 134 daAuts
 Abyss:2: 119 daAuts
  Temple: 26 daAuts
